Map: Ephemeron LE

Players

Sensus

  • Race: Terran Terran
  • League: Platinum
  • Spawn Location: 11:00

pHARM - Winner!

  • Race: Zerg Zerg
  • League: Platinum
  • Spawn Location: 5:00

VOD

Have the link to the VOD?

Description

Time

  • Played on: Aug. 25, 2019, 4:10 p.m.
  • Length: 5:45
Show
View Real Time Build Order
Export as new Build Order

Sensus Terran 

Build Orders:  

Get SALT Encoding   

  12  0:00  SCV  
  13  0:13  SCV  
  14  0:18  Supply Depot  
  14  0:25  SCV  
  15  0:29  Refinery  
  15  0:39  SCV  
  16  0:45  Barracks  
  16  0:51  SCV  
  17  1:03  SCV  
  18  1:15  SCV  
  19  1:32  Orbital Command, Reaper  
  20  1:48  Command Center  
  20  1:58  SCV  
  21  2:01  Supply Depot  
  21  2:06  Refinery  
  21  2:19  Factory  
  21  2:22  Barracks Reactor  
  21  2:30  SCV  
  22  2:55  SCV  
  23  3:06  Starport  
  23  3:07  SCV  
  24  3:13  Hellion x2  
  24  3:14  Barracks Tech Lab  
  24  3:15  Orbital Command  
  28  3:22  SCV  
  29  3:35  SCV  
  30  3:41  SCV  
  30  3:47  Fusion Core  
  31  3:59  Command Center  
  31  4:02  Barracks Tech Lab  
  33  4:03  Hellion x2  
  35  4:13  SCV x2  
  37  4:25  SCV x2  
  37  4:30  Hellion  
  41  4:47  Supply Depot  
  41  4:49  Supply Depot x2  
  47  5:12  Hellion x2  
  46  5:21  Marine  
Show
View Real Time Build Order
Export as new Build Order

pHARM Zerg - Winner!

Build Orders: Hatch First 

Get SALT Encoding   

  12  0:01  Drone  
  13  0:12  Overlord  
  13  0:23  Drone  
  14  0:33  Drone x2  
  16  0:36  Drone  
  17  0:56  Hatchery  
  16  1:00  Drone  
  16  1:03  Drone  
  18  1:19  Spawning Pool, Drone  
  18  1:25  Drone  
  18  1:32  Drone  
  20  1:43  Extractor  
  20  1:45  Drone  
  20  1:54  Overlord  
  20  2:07  Queen x2  
  24  2:11  Zergling x4  
  24  2:12  Drone  
  27  2:19  Drone  
  28  2:29  Drone  
  29  2:38  Extractor  
  27  2:52  Drone  
  27  2:53  Drone x4  
  27  2:55  Overlord  
  27  2:57  Queen  
  36  3:00  Lair  
  36  3:05  Drone x2  
  36  3:18  Overlord  
  36  3:19  Overlord  
  36  3:24  Metabolic Boost  
  36  3:30  Drone x6  
  42  3:45  Drone  
  42  3:46  Drone x3  
  46  4:03  Zergling x14  
  46  4:04  Nydus Network, Zergling x2  
  53  4:11  Overlord  
  53  4:18  Zergling x2  
  54  4:31  Queen  
  54  4:32  Queen  
  54  4:35  Zergling x14  
  65  4:47  Zergling x6  
  67  4:54  Nydus Canal  
Tags
 
Matchup
TvZ
Replay Pack
10.7.19
Spawn Locations
Cross Positions
Add a new tag
Caveats
  • Supply blocks, unpowered buildings, or Contaminate may cause inaccurate times.
  • Supply counts are checked every 10 seconds.